 Dungeon Crawl Stone Soup version 0.22-a0-265-g0d8bc90 (webtiles) character file.

2055 tidbits the Insei (level 9, -2/67 HPs)
             Began as a Gnoll Transmuter on Mar 6, 2018.
             Was a Believer of Cheibriados.
             Slain by a two-headed ogre
             ... wielding a +0 giant club
              (9 damage)
             ... on level 8 of the Dungeon.
             The game lasted 00:17:35 (1603 turns).

tidbits the Insei (Gnoll Transmuter)                Turns: 1603, Time: 00:17:36

Health: -2/67      AC:  2    Str: 18    XL:     9   Next: 25%
Magic:  11/18      EV: 29    Int: 25    God:    Cheibriados [**....]
Gold:   294        SH:  4    Dex: 27    Spells: 9/20 levels left

rFire    . . .     SeeInvis .     - Unarmed
rCold    . . .     Gourm    .   (shield currently unavailable)
rNeg     . . .     Faith    .   (armour currently unavailable)
rPois    x         Spirit   .   (helmet currently unavailable)
rElec    .         Reflect  +   (cloak currently unavailable)
rCorr    .         Harm     .   (gloves currently unavailable)
MR       .....                  (boots currently unavailable)
Stlth    +++.......             o - +4 amulet of reflection
HPRegen  0.21/turn              W - ring of wizardry
MPRegen  0.16/turn              (no ring)

@: spider-form, very slow
A: tiny, distributed training, repulsion field 1, evolution 1, strong nose
a: End Transformation, Bend Time, Renounce Religion


You were on level 8 of the Dungeon.
You worshipped Cheibriados.
Cheibriados was pleased with you.
You were not hungry.
You were a venomous arachnid creature.
You visited 2 branches of the dungeon, and saw 10 of its levels.

You collected 294 gold pieces.

Inventory:

Hand Weapons
 a - a +2 dagger of venom (melded)
   (You took it off an orc wizard on level 7 of the Dungeon)
 d - a +0 dagger
 s - a +0 shortbow
Missiles
 n - 98 arrows
 t - 20 stones (quivered)
Armour
 b - a +0 robe
 B - a +0 leather armour of poison resistance (melded)
   (You found it on level 5 of the Dungeon)
 E - a +2 helmet (melded)
Magical Staves
 h - an uncursed staff of death
   (You found it on level 4 of the Dungeon)
 u - an uncursed staff of earth
   (You found it on level 7 of the Dungeon)
Jewellery
 o - a +4 amulet of reflection (around neck)
   (You found it on level 4 of the Dungeon)
 W - a ring of wizardry (left front leg)
   (You found it on level 5 of the Dungeon)
Wands
 l - a wand of disintegration (9)
Scrolls
 e - 2 scrolls of remove curse {unknown}
 f - a scroll of teleportation {unknown}
 i - a scroll of immolation {unknown}
 j - a scroll of enchant weapon
 k - a scroll of fog {unknown}
 m - a scroll of noise
 p - a scroll of enchant armour
 r - 3 scrolls of amnesia {unknown}
Potions
 g - a potion of curing
 q - a potion of magic {unknown}
 v - a potion of cancellation {unknown}
 x - a potion of brilliance {unknown}
 z - a potion of heal wounds {unknown}
Comestibles
 c - 5 rations
 w - 2 chunks of flesh


   Skills:
 + Level 4.8 Fighting
 + Level 4.0 Short Blades
 + Level 4.0 Long Blades
 + Level 4.0 Axes
 + Level 4.0 Maces & Flails
 + Level 4.0 Polearms
 + Level 4.0 Staves
 + Level 4.0 Slings
 + Level 4.0 Bows
 + Level 4.0 Crossbows
 + Level 4.0 Throwing
 + Level 4.0 Armour
 + Level 6.1 Dodging
 + Level 4.0 Stealth
 + Level 4.0 Shields
 + Level 7.7 Unarmed Combat
 + Level 6.4 Spellcasting
 + Level 3.2 Conjurations
 + Level 3.2 Hexes
 + Level 3.2 Charms
 + Level 3.2 Summonings
 + Level 3.2 Necromancy
 + Level 3.2 Translocations
 + Level 5.1 Transmutations
 + Level 3.2 Fire Magic
 + Level 3.2 Ice Magic
 + Level 3.2 Air Magic
 + Level 3.2 Earth Magic
 + Level 3.2 Poison Magic
 + Level 4.4 Invocations
 + Level 4.0 Evocations


You had 9 spell levels left.
You knew the following spells:

 Your Spells              Type           Power        Failure   Level  Hunger
e - Beastly Appendage     Tmut           ####..       1%          1    None
h - Blade Hands           Tmut           ####......   21%         5    #####..
k - Sticks to Snakes      Tmut           ####....     2%          2    None
p - Spider Form           Tmut/Pois      ####......   4%          3    None


Dungeon Overview and Level Annotations

Branches:
Dungeon (9/15)             Temple (1/1) D:5
   Lair: D:8-11         Orc: D:9-12

Altars:
Ashenzari
Cheibriados
Dithmenos
Fedhas
Hepliaklqana
Makhleb
Nemelex Xobeh
Okawaru
Qazlal
Uskayaw
Vehumet
Wu Jian
Xom
Yredelemnul
Zin
The Shining One


Innate Abilities, Weirdness & Mutations

Your experience applies equally to all skills.
((You have very sharp teeth.))
Your uncanny sense of smell can sniff out nearby items.
You are surrounded by a mild repulsion field. (EV +2)
You evolve.


Message History

Your +2 helmet melds into your body.
Your +0 leather armour of poison resistance melds into your body.
Your +2 dagger of venom stops dripping with poison.
You no longer feel resistant to poison.
The centaur skeleton barely misses you.
You bite the centaur skeleton!
The centaur skeleton is moderately damaged.
The centaur skeleton misses you.
You hit the centaur skeleton but do no damage.
The centaur skeleton is moderately damaged.
The centaur skeleton hits you!
You bite the centaur skeleton!
The centaur skeleton is severely damaged.
The centaur skeleton completely misses you.
You bite the centaur skeleton!
You destroy the centaur skeleton!
Cheibriados thoroughly appreciates the change of pace.
There is a stone staircase leading down here.
You climb downwards.
A hound skeleton comes into view.
Found a spear.
Found a stone staircase leading down.
There is a stone staircase leading up here.
The hound skeleton completely misses you.
You block the hound skeleton's attack.
You bite the hound skeleton!
The hound skeleton is severely damaged.
The hound skeleton misses you.
You hit the hound skeleton.
The hound skeleton is almost destroyed.
The hound skeleton bites you. The hound skeleton barely misses you.
You bite the hound skeleton!
You destroy the hound skeleton!
Cheibriados appreciates the change of pace.
There is a stone staircase leading up here.
You climb upwards.
There is a stone staircase leading down here.
Unknown command.
An eye of draining comes into view.
The eye of draining turns its gaze towards you.
Your transformation is almost over.
Found a metallic golden potion.
You see here a metallic golden potion.
z - a metallic golden potion Your transformation has ended.
Your +2 dagger of venom unmelds from your body.
Your +2 helmet unmelds from your body.
Your +0 leather armour of poison resistance unmelds from your body.
Your +2 dagger of venom begins to drip with poison!
You feel resistant to poison.
Found 13 gold pieces.
You see here 13 gold pieces.
You now have 294 gold pieces (gained 13).
Found a scale mail.
A centaur comes into view.
Casting: Spider Form (safe; 1% risk of failure)
Confirm with . or Enter, or press ? or * to list all spells.
You turn into a venomous arachnid creature.
Your +2 dagger of venom melds into your body.
Your +2 helmet melds into your body.
Your +0 leather armour of poison resistance melds into your body.
Your +2 dagger of venom stops dripping with poison.
You no longer feel resistant to poison.
A two-headed ogre comes into view.
It is wielding a giant club and a dire flail.
The centaur shouts!
The centaur wields a shortbow.
The centaur shoots an arrow.
You reflect the arrow off an invisible shield around you!
The arrow hits the centaur!
The centaur shoots an arrow.
The arrow closely misses you.
The centaur shoots an arrow.
The arrow closely misses you.
The centaur shoots an arrow.
The arrow hits you.
You see here 2 arrows.
The centaur shoots an arrow.
The arrow completely misses you.
You see here an arrow.
Your transformation has ended.
Your +2 dagger of venom unmelds from your body.
Your +2 helmet unmelds from your body.
Your +0 leather armour of poison resistance unmelds from your body.
Your +2 dagger of venom begins to drip with poison!
You feel resistant to poison.
Evoke which item? (* to show all) (? for menu, Esc to quit)
Aiming: Disintegrate
Press: ? - help, Shift-Dir - straight line, f - two-headed ogre
Aim: a two-headed ogre, wielding a giant club and a dire flail (chance to defeat MR: 66%)
The two-headed ogre is blasted.
Casting: Spider Form (safe; 1% risk of failure)
Confirm with . or Enter, or press ? or * to list all spells.
You turn into a venomous arachnid creature.
Your +2 dagger of venom melds into your body.
Your +2 helmet melds into your body.
Your +0 leather armour of poison resistance melds into your body.
Your +2 dagger of venom stops dripping with poison.
You no longer feel resistant to poison.
The two-headed ogre misses you.
The two-headed ogre hits you with a dire flail!
You hit the two-headed ogre.
The two-headed ogre is poisoned.
The two-headed ogre is heavily wounded.
The two-headed ogre hits you with a giant club!!
* * * LOW HITPOINT WARNING * * *
The two-headed ogre hits you with a dire flail!
You die...

#..............
###..........#
#......<.....########
#....................
#......####.#...........#
#......# #.#.........c.#
#......# #.#..........(#
#......# #....#.....[..#
#......# ####s#........#
#......# #O#...O....#
#......# ####c#........#
######## #....((..?....#
#.##..(...%...#
#.##..#........
#####.##..#........
#########......#..#........
.......##.######..####.....


You could see a two-headed ogre and a centaur.

Vanquished Creatures
  The ghost of Thaneod the Cleaver, a novice DsBe of Trog (D:8)
  An ice beast (D:7)
  An orc warrior (D:6)
  2 centaurs
  A bullfrog (D:7)
  3 big kobolds (D:5)
  A scorpion (D:5)
  2 howler monkeys (D:7)
  2 crimson imps
  2 centaur zombies (D:7)
  A bullfrog zombie (D:5)
  2 hounds
  A jelly (D:7)
  2 orc priests
  3 orc wizards
  A centaur skeleton (D:8)
  An iguana (D:7)
  2 worker ants
  Natasha (D:3)
  A hound skeleton (D:9)
  6 gnolls
  4 adders
  An ooze (D:1)
  2 adder skeletons
  An adder zombie (D:6)
  2 leopard geckos
  4 orcs
  2 giant cockroaches
  2 goblins (D:1)
  7 hobgoblins
  A jackal (D:1)
  A quokka (D:3)
  3 bats
  2 frilled lizards
  A jackal zombie (D:6)
  24 kobolds
  7 rats (D:1)
101 creatures vanquished.

Vanquished Creatures (collateral kills)
  An ogre (D:4)
  A gnoll (D:5)
  An orc (D:7)
  A frilled lizard (D:4)
  2 kobolds (D:5)
6 creatures vanquished.

Grand Total: 107 creatures vanquished

Notes
Turn   | Place    | Note
-------+----------+-------------------------------------------
     0 | D:1      | tidbits the Gnoll Transmuter began the quest for the Orb.
     0 | D:1      | Reached XP level 1. HP: 17/17 MP: 6/6
   103 | D:1      | Reached XP level 2. HP: 23/23 MP: 7/7
   130 | D:1      | Learned a level 2 spell: Sticks to Snakes
   208 | D:1      | Reached XP level 3. HP: 28/28 MP: 7/9
   215 | D:1      | Learned a level 3 spell: Spider Form
   240 | D:3      | Reached skill level 5 in Spellcasting
   270 | D:3      | Noticed Natasha
   280 | D:3      | Killed Natasha
   280 | D:3      | Reached skill level 1 in Invocations
   375 | D:4      | Reached skill level 1 in Short Blades
   375 | D:4      | Reached skill level 1 in Long Blades
   375 | D:4      | Reached skill level 1 in Axes
   375 | D:4      | Reached skill level 1 in Maces & Flails
   375 | D:4      | Reached skill level 1 in Polearms
   375 | D:4      | Reached skill level 1 in Staves
   375 | D:4      | Reached skill level 1 in Slings
   375 | D:4      | Reached skill level 1 in Bows
   375 | D:4      | Reached skill level 1 in Crossbows
   375 | D:4      | Reached skill level 1 in Throwing
   375 | D:4      | Reached skill level 1 in Armour
   375 | D:4      | Reached skill level 1 in Stealth
   375 | D:4      | Reached skill level 1 in Shields
   375 | D:4      | Reached skill level 1 in Evocations
   375 | D:4      | Reached XP level 4. HP: 34/34 MP: 7/11
   416 | D:4      | Reached skill level 1 in Conjurations
   416 | D:4      | Reached skill level 1 in Hexes
   416 | D:4      | Reached skill level 1 in Charms
   416 | D:4      | Reached skill level 1 in Summonings
   416 | D:4      | Reached skill level 1 in Necromancy
   416 | D:4      | Reached skill level 1 in Translocations
   416 | D:4      | Reached skill level 1 in Fire Magic
   416 | D:4      | Reached skill level 1 in Ice Magic
   416 | D:4      | Reached skill level 1 in Air Magic
   416 | D:4      | Reached skill level 1 in Earth Magic
   416 | D:4      | Reached skill level 1 in Poison Magic
   421 | D:5      | Entered Level 5 of the Dungeon
   430 | D:5      | Found a radiant altar of Vehumet.
   461 | D:5      | Found a staircase to the Ecumenical Temple.
   471 | Temple   | Entered the Ecumenical Temple
   481 | Temple   | Became a worshipper of Cheibriados the Contemplative
   532 | D:5      | Reached XP level 5. HP: 27/40 MP: 1/12
   547 | D:5      | Reached skill level 3 in Fighting
   547 | D:5      | Reached skill level 4 in Transmutations
   616 | D:5      | Reached XP level 6. HP: 14/47 MP: 6/13
   633 | D:5      | Found a shattered altar of Ashenzari.
   633 | D:5      | Found a basalt altar of Yredelemnul.
   716 | D:4      | Reached skill level 2 in Invocations
   853 | D:5      | Reached skill level 2 in Short Blades
   853 | D:5      | Reached skill level 2 in Long Blades
   853 | D:5      | Reached skill level 2 in Axes
   853 | D:5      | Reached skill level 2 in Maces & Flails
   853 | D:5      | Reached skill level 2 in Polearms
   853 | D:5      | Reached skill level 2 in Staves
   853 | D:5      | Reached skill level 2 in Slings
   853 | D:5      | Reached skill level 2 in Bows
   853 | D:5      | Reached skill level 2 in Crossbows
   853 | D:5      | Reached skill level 2 in Throwing
   853 | D:5      | Reached skill level 2 in Armour
   853 | D:5      | Reached skill level 5 in Dodging
   853 | D:5      | Reached skill level 2 in Stealth
   853 | D:5      | Reached skill level 2 in Shields
   853 | D:5      | Reached skill level 2 in Evocations
   865 | D:5      | Reached * piety under Cheibriados
   889 | D:5      | Reached XP level 7. HP: 40/52 MP: 6/15
   904 | D:5      | HP: 4/78 [gnoll/flail (5)]
   906 | D:5      | Gained mutation: You are surrounded by a mild repulsion field. (EV +2) [potion of mutation]
   906 | D:5      | Gained mutation: You evolve. [potion of mutation]
   925 | D:5      | Reached skill level 7 in Unarmed Combat
   959 | D:5      | Learned a level 5 spell: Blade Hands
   982 | D:5      | Reached skill level 2 in Conjurations
   982 | D:5      | Reached skill level 2 in Hexes
   982 | D:5      | Reached skill level 2 in Charms
   982 | D:5      | Reached skill level 2 in Summonings
   982 | D:5      | Reached skill level 2 in Necromancy
   982 | D:5      | Reached skill level 2 in Translocations
   982 | D:5      | Reached skill level 2 in Fire Magic
   982 | D:5      | Reached skill level 2 in Ice Magic
   982 | D:5      | Reached skill level 2 in Air Magic
   982 | D:5      | Reached skill level 2 in Earth Magic
   982 | D:5      | Reached skill level 2 in Poison Magic
  1057 | D:5      | Reached ** piety under Cheibriados
  1154 | D:7      | Reached skill level 3 in Invocations
  1160 | D:7      | Found a burning altar of Makhleb.
  1175 | D:8      | Reached XP level 8. HP: 46/60 MP: 16/16
  1204 | D:7      | Reached skill level 4 in Fighting
  1204 | D:7      | Reached skill level 3 in Short Blades
  1204 | D:7      | Reached skill level 3 in Long Blades
  1204 | D:7      | Reached skill level 3 in Axes
  1204 | D:7      | Reached skill level 3 in Maces & Flails
  1204 | D:7      | Reached skill level 3 in Polearms
  1204 | D:7      | Reached skill level 3 in Staves
  1204 | D:7      | Reached skill level 3 in Slings
  1204 | D:7      | Reached skill level 3 in Bows
  1204 | D:7      | Reached skill level 3 in Crossbows
  1204 | D:7      | Reached skill level 3 in Throwing
  1204 | D:7      | Reached skill level 3 in Armour
  1204 | D:7      | Reached skill level 3 in Stealth
  1204 | D:7      | Reached skill level 3 in Shields
  1204 | D:7      | Reached skill level 3 in Evocations
  1264 | D:7      | Found an iron altar of Okawaru.
  1358 | D:6      | Reached skill level 6 in Spellcasting
  1407 | D:6      | Found a hazy altar of Hepliaklqana.
  1493 | D:7      | Found a sparkling altar of Nemelex Xobeh.
  1506 | D:8      | Noticed Thaneod's ghost (novice DsBe)
  1512 | D:8      | Killed Thaneod's ghost
  1512 | D:8      | Reached skill level 4 in Short Blades
  1512 | D:8      | Reached skill level 4 in Long Blades
  1512 | D:8      | Reached skill level 4 in Axes
  1512 | D:8      | Reached skill level 4 in Maces & Flails
  1512 | D:8      | Reached skill level 4 in Polearms
  1512 | D:8      | Reached skill level 4 in Staves
  1512 | D:8      | Reached skill level 4 in Slings
  1512 | D:8      | Reached skill level 4 in Bows
  1512 | D:8      | Reached skill level 4 in Crossbows
  1512 | D:8      | Reached skill level 4 in Throwing
  1512 | D:8      | Reached skill level 4 in Armour
  1512 | D:8      | Reached skill level 6 in Dodging
  1512 | D:8      | Reached skill level 4 in Stealth
  1512 | D:8      | Reached skill level 4 in Shields
  1512 | D:8      | Reached skill level 3 in Conjurations
  1512 | D:8      | Reached skill level 3 in Hexes
  1512 | D:8      | Reached skill level 3 in Charms
  1512 | D:8      | Reached skill level 3 in Summonings
  1512 | D:8      | Reached skill level 3 in Necromancy
  1512 | D:8      | Reached skill level 3 in Translocations
  1512 | D:8      | Reached skill level 5 in Transmutations
  1512 | D:8      | Reached skill level 3 in Fire Magic
  1512 | D:8      | Reached skill level 3 in Ice Magic
  1512 | D:8      | Reached skill level 3 in Air Magic
  1512 | D:8      | Reached skill level 3 in Earth Magic
  1512 | D:8      | Reached skill level 3 in Poison Magic
  1512 | D:8      | Reached skill level 4 in Invocations
  1512 | D:8      | Reached skill level 4 in Evocations
  1512 | D:8      | Reached XP level 9. HP: 39/67 MP: 0/18
  1594 | D:8      | Noticed a two-headed ogre
  1603 | D:8      | Slain by a two-headed ogre

Vault maps used:
D:1:      tarquinn_simple_flora_water_e, minivault_25, minmay_quantized
D:2:      lemuel_crystal_altar, kennysheep_big_empty_room, serial_park_tiny_2,
          uniq_jessica, uniq_sigmund, uniq_robin
D:3:      overflow_temple_1_default, led_sif_pool, first_ration, uniq_natasha
D:4:      uniq_eustachio
D:5:      minmay_goblin_kobold_castle, grunt_temple_overflow_open,
          temple_fountains
D:6:      kennysheep_mini, serial_undead, serial_undead_b, serial_undead_e,
          serial_undead_c, serial_undead_e, serial_undead_a, serial_undead_c,
          serial_undead_a
D:7:      lemuel_crystal_altar, old_standard_altar, kennysheep_mini_moat,
          nemelex_xobeh_ov_fountains_minmay
D:9:      david_orc_2
Temple:   nicolae_temple_x_marks_the_god

Skill      XL: |  1  2  3  4  5  6  7  8 |
---------------+-------------------------+-----
Spellcasting   | 5 6 |  6.4
Invocations    | 1 2 3 4 |  4.4
Short Blades   | 1 2 4 |  4.0
Long Blades    | 1 2 4 |  4.0
Axes           | 1 2 4 |  4.0
Maces & Flails | 1 2 4 |  4.0
Polearms       | 1 2 4 |  4.0
Staves         | 1 2 4 |  4.0
Slings         | 1 2 4 |  4.0
Bows           | 1 2 4 |  4.0
Crossbows      | 1 2 4 |  4.0
Throwing       | 1 2 4 |  4.0
Armour         | 1 2 4 |  4.0
Stealth        | 1 2 4 |  4.0
Shields        | 1 2 4 |  4.0
Evocations     | 1 2 4 |  4.0
Conjurations   | 1 2 3 |  3.2
Hexes          | 1 2 3 |  3.2
Charms         | 1 2 3 |  3.2
Summonings     | 1 2 3 |  3.2
Necromancy     | 1 2 3 |  3.2
Translocations | 1 2 3 |  3.2
Fire Magic     | 1 2 3 |  3.2
Ice Magic      | 1 2 3 |  3.2
Air Magic      | 1 2 3 |  3.2
Earth Magic    | 1 2 3 |  3.2
Poison Magic   | 1 2 3 |  3.2
Fighting       | 3 4 |  4.8
Transmutations | 4 5 |  5.1
Dodging        | 5 6 |  6.1
Unarmed Combat | 7 |  7.7

Action                   |  1- 3 |  4- 6 |  7- 9 || total
-------------------------+-------+-------+-------++-------
Melee: Unarmed           |    55 |    78 |   124 ||   257
       Bite              |     3 |     1 |     4 ||     8
       Kick              |     6 |     5 |       ||    11
       Punch             |     3 |       |     2 ||     5
 Cast: Beastly Appendage |     9 |     2 |     1 ||    12
       Spider Form       |     3 |     9 |    12 ||    24
       Sticks to Snakes  |     1 |     5 |     6 ||    12
       Blade Hands       |       |       |     5 ||     5
Invok: Bend Time         |       |       |     1 ||     1
 Abil: End Transformatio |       |       |     2 ||     2
Evoke: Wand              |       |       |     5 ||     5
  Use: Scroll            |       |     4 |       ||     4
       Potion            |       |       |     4 ||     4
 Stab: Sleeping          |     1 |       |     1 ||     2
       Distracted        |       |       |     3 ||     3
  Eat: Chunk             |       |     1 |     1 ||     2
       Ration            |       |       |     1 ||     1
Armor: Robe              |     7 |     5 |       ||    12
       Skin              |       |     4 |    16 ||    20
       Leather armour    |       |       |     4 ||     4
Dodge: Dodged            |    30 |    88 |   109 ||   227
Block: Other             |       |     3 |    20 ||    23
       Reflection        |       |       |     3 ||     3

Table legend:
 A = Spawn XP
 B = Non-spawn XP
 C = Spawn XP percentage of total XP
 D = Spawn monster count
 E = Non-spawn monster count
 F = Spawn count percentage of total count
 G = Total turns spent on level
                    A         B        C        D         E        F      G
               +---------+---------+-------+---------+---------+-------+---------
         Total |       0 |    2937 |   0.0 |       0 |     107 |   0.0 |  1603
               +---------+---------+-------+---------+---------+-------+---------
           D:1 |       0 |      35 |   0.0 |       0 |      21 |   0.0 |   223
           D:3 |       0 |      36 |   0.0 |       0 |       3 |   0.0 |    76
           D:4 |       0 |     181 |   0.0 |       0 |      11 |   0.0 |   286
           D:5 |       0 |     706 |   0.0 |       0 |      42 |   0.0 |   488
           D:6 |       0 |     414 |   0.0 |       0 |      10 |   0.0 |   110
           D:7 |       0 |     668 |   0.0 |       0 |      14 |   0.0 |   290
           D:8 |       0 |     878 |   0.0 |       0 |       5 |   0.0 |    92
           D:9 |       0 |      19 |   0.0 |       0 |       1 |   0.0 |     9
               +---------+---------+-------+---------+---------+-------+---------

Table legend:
 A = Turns spent in this place as a percentage of turns spent in the entire game.
 B = Non-inter-level travel turns spent in this place as a percentage of non-inter-level travel turns spent in the entire game.
 C = Inter-level travel turns spent in this place as a percentage of turns spent in this place.
 D = Turns resting spent in this place as a percentage of non-inter-level travel turns spent in this place.
 E = Turns spent auto-exploring this place as a percentage of non-inter-level travel turns spent in this place.
 F = Non-inter-level travel turns spent in this place divided by the number of levels of this place that you've seen.
                   A       B       C       D       E      F
               +-------+-------+-------+-------+-------+----------------------
         Total | 100.0 | 100.0 |   0.0 |   0.0 |   0.0 | 160.3
       Dungeon |  98.7 |  98.7 |   0.0 |   0.0 |   0.0 | 175.8
        Temple |   1.3 |   1.3 |   0.0 |   0.0 |   0.0 |  21.0
               +-------+-------+-------+-------+-------+----------------------

Table legend:
 A = Kills in this place as a percentage of kills in entire the game.
 B = Kills by you in this place as a percentage of kills by you in the entire game.
 C = Kills by friends in this place as a percentage of kills by friends in the entire game.
 D = Other kills in this place as a percentage of other kills in the entire game.
 E = Experience gained in this place as a percentage of experience gained in the entire game.
 F = Experience gained in this place divided by the number of levels of this place that you have seen.
                   A       B       C       D       E      F
               +-------+-------+-------+-------+-------+----------------------
         Total | 100.0 | 100.0 | 100.0 |   N/A | 100.0 | 293.7
       Dungeon | 100.0 | 100.0 | 100.0 |   N/A | 100.0 | 326.3
               +-------+-------+-------+-------+-------+----------------------

Vault maps used:
D:1:      tarquinn_simple_flora_water_e, minivault_25, minmay_quantized
D:2:      lemuel_crystal_altar, kennysheep_big_empty_room, serial_park_tiny_2,
          uniq_jessica, uniq_sigmund, uniq_robin
D:3:      overflow_temple_1_default, led_sif_pool, first_ration, uniq_natasha
D:4:      uniq_eustachio
D:5:      minmay_goblin_kobold_castle, grunt_temple_overflow_open,
          temple_fountains
D:6:      kennysheep_mini, serial_undead, serial_undead_b, serial_undead_e,
          serial_undead_c, serial_undead_e, serial_undead_a, serial_undead_c,
          serial_undead_a
D:7:      lemuel_crystal_altar, old_standard_altar, kennysheep_mini_moat,
          nemelex_xobeh_ov_fountains_minmay
D:9:      david_orc_2
Temple:   nicolae_temple_x_marks_the_god
